AoeStats
← AiM | Facu1414

Fortress

507641892Analyzed
4v4 RM · 12d ago on Sep 19, 2026· 37m 4s· 8 players
Game mode
Random Map
Map size
Huge
Population
200
Speed
Normal
Resources
Standard
Victory
Conquest
Starting age
Dark Age
Ending age
Imperial Age
RankedLock teamsTeams togetherTeam positionsShared explorationLock speedFull tech treeHidden civsTurbo modeCheats
Victory
Defeat
🇺🇸 Spanish · United States
1713
+9
🇨🇳 Britons · China
1674
+10
🇺🇸 Mongols · United States
1651
+11
🇨🇷 Goths · Costa Rica
1586
+13
🇹🇷 Slavs · Türkiye
1545
-11
🇲🇽 Italians · Mexico
1538
-11
🇲🇽 Mapuche · Mexico
1534
-11
🇦🇷 Persians · Argentina
1509
-10
KSGabriel
7:12 Feudal Age
11:20 Castle Age
10:09 Double-Bit Axe
10:08 Horse Collar
10:47 Gold Mining
14:33 Bow Saw
18:51 Fletching
19:17 Crossbowman
20:32 Bodkin Arrow
21:47 Padded Archer Armor
22:28 Wheelbarrow
22:34 Ballistics
24:02 Hand Cart
24:42 Thumb Ring
25:31 Loom
28:43 Imperial Age
26:56 Leather Archer Armor
29:26 Bracer
30:33 Chemistry
28:57 Arbalester
30:37 Conscription
31:24 Fortified Wall
33:22 Scale Barding Armor
33:42 Siege Engineers
34:26 Masonry
36:43 Elite Skirmisher
嗚
7:45 Feudal Age
11:21 Castle Age
9:21 Double-Bit Axe
9:28 Horse Collar
12:26 Bow Saw
16:57 Wheelbarrow
17:38 Loom
18:16 Stone Mining
19:03 Hand Cart
24:14 Imperial Age
21:38 Gold Mining
22:48 Scale Barding Armor
22:53 Forging
23:22 Bloodlines
23:13 Husbandry
24:19 Chain Barding Armor
24:16 Caravan
24:19 Cavalier
25:23 Conscription
26:06 Two-Man Saw
26:17 Plate Barding Armor
26:45 Guilds
28:39 Paladin
31:04 Iron Casting
30:51 Fortified Wall
33:29 Coinage
33:19 Capped Ram
35:22 Supremacy
37:57 Blast Furnace
Draga
8:57 Feudal Age
9:35 Double-Bit Axe
9:33 Horse Collar
10:10 Double-Bit Axe
12:28 Castle Age
13:26 Bow Saw
13:16 Heavy Plow
14:54 Wheelbarrow
16:53 Loom
17:26 Hand Cart
20:03 Gold Mining
20:28 Squires
25:48 Imperial Age
23:33 Scale Mail Armor
23:43 Forging
23:40 Pikeman
24:36 Chain Mail Armor
26:47 Iron Casting
26:22 Anarchy
25:52 Man-at-Arms
26:14 Halberdier
27:17 Conscription
26:58 Perfusion
27:21 Conscription
27:19 Caravan
28:42 Blast Furnace
29:32 Long Swordsman
30:50 Coinage
31:57 Chemistry
30:42 Two-Handed Swordsman
33:23 Masonry
33:10 Champion
35:07 Crop Rotation
35:06 Fletching
day in, day out
7:27 Feudal Age
11:09 Castle Age
9:26 Double-Bit Axe
15:51 Town Watch
16:33 Fletching
16:36 Loom
17:30 Bodkin Arrow
22:06 Ballistics
30:04 Wheelbarrow
32:05 Imperial Age
31:03 Wheelbarrow
30:13 Horse Collar
30:24 Gold Mining
30:47 Bow Saw
31:02 Padded Archer Armor
31:36 Caravan
32:29 Leather Archer Armor
34:11 Chemistry
33:39 Bracer
34:20 Elite Longbowman
35:51 Ring Archer Armor
37:09 Murder Holes
AiM | Fubuki Sinri
6:52 Feudal Age
8:00 Loom
10:46 Castle Age
8:41 Double-Bit Axe
9:22 Horse Collar
12:06 Fletching
15:55 Town Watch
18:10 Wheelbarrow
22:36 Imperial Age
20:53 Bodkin Arrow
21:25 Bow Saw
22:52 Padded Archer Armor
23:29 Ballistics
23:25 Bracer
24:11 Leather Archer Armor
25:04 Heavy Plow
24:55 Gold Mining
27:06 Chemistry
30:32 Conscription
30:05 Elite Genoese Crossbowman
35:32 Hoardings
ZEK000
8:39 Feudal Age
12:30 Castle Age
10:42 Double-Bit Axe
11:26 Horse Collar
15:29 Loom
24:25 Scale Mail Armor
26:28 Bow Saw
31:19 Imperial Age
29:17 Padded Archer Armor
29:08 Fletching
30:17 Wheelbarrow
29:39 Elite Skirmisher
31:10 Bodkin Arrow
32:22 Chain Mail Armor
32:31 Forging
AiM | Facu1414
7:39 Feudal Age
9:35 Double-Bit Axe
12:10 Castle Age
11:01 Horse Collar
15:49 Wheelbarrow
16:55 Loom
19:49 Bow Saw
24:40 Imperial Age
22:34 Scale Barding Armor
22:39 Forging
23:32 Hand Cart
23:47 Chain Barding Armor
23:47 Heavy Plow
23:39 Gold Mining
24:51 Iron Casting
25:11 Gold Shaft Mining
25:02 Bloodlines
24:24 Cavalier
25:57 Plate Barding Armor
26:25 Husbandry
28:29 Chemistry
28:05 Padded Archer Armor
29:52 Leather Archer Armor
30:00 Conscription
31:01 Blast Furnace
30:35 Elite Skirmisher
31:20 Thumb Ring
31:06 Fletching
34:02 Bodkin Arrow
34:37 Ring Archer Armor
35:52 Ring Archer Armor
ValerioN__
7:01 Feudal Age
8:21 Horse Collar
10:43 Castle Age
9:05 Double-Bit Axe
11:36 Bow Saw
11:26 Heavy Plow
18:04 Gold Mining
21:11 Wheelbarrow
25:24 Imperial Age
23:14 Hand Cart
23:25 Scale Barding Armor
23:31 Forging
23:56 Detinets
24:35 Chain Barding Armor
24:28 Loom
26:11 Iron Casting
26:35 Conscription
27:30 Plate Barding Armor
26:40 Elite Boyar
29:14 Blast Furnace
32:14 Gold Shaft Mining
31:31 Fletching
33:36 Bodkin Arrow
34:20 Town Watch
Connection lost

Rejoining the realm…

Still unreachable

The connection could not be restored.

Session expired

The server has moved on; the page needs a fresh start.